 Dungeon Crawl Stone Soup version 0.27.1-2-g3b301248ec (webtiles) character file.

Game seed: 5980076035124817378

41 Araneus the Cudgeller (level 3, -1/43 HPs)
             Began as a Demonspawn Fighter on Oct 5, 2021.
             Succumbed to a goblin's poison
             ... on level 2 of the Dungeon.
             The game lasted 00:02:19 (1458 turns).

Araneus the Cudgeller (Demonspawn Fighter)          Turns: 1458, Time: 00:02:19

Health: -1/43      AC: 21    Str: 17    XL:     3   Next: 32%
Magic:  3/3        EV:  2    Int:  9    God:
Gold:   86         SH: 12    Dex: 12    Spells: 2/2 levels left

rFire    . . .     SeeInvis .   a - +0 flail
rCold    . . .     Faith    .   c - +0 kite shield
rNeg     + + +     Spirit   .   (armour currently unavailable)
rPois    +         Reflect  .   (helmet currently unavailable)
rElec    .         Harm     .   (cloak currently unavailable)
rCorr    .         Rampage  .   (gloves currently unavailable)
Will     .....     NoTele   +   (boots currently unavailable)
Stlth    +.........             (no amulet)
HPRegen  0.14/turn              (no ring)
MPRegen  0.08/turn              (no ring)

@: lethally poisoned (-1 -> -24), tree-form
A: stationary, stasis, torment immunity, boosted hp, condensation shield,
(talons 1)
a: no special abilities


You were on level 2 of the Dungeon.
You were a tree.
You visited 1 branch of the dungeon, and saw 2 of its levels.

You collected 86 gold pieces.

Inventory:

Hand Weapons
 a - a +0 flail (weapon)
Armour
 b - a +0 scale mail (melded)
 c - a +0 kite shield (worn)
Jewellery
 j - an amulet of regeneration
Scrolls
 e - 2 scrolls of amnesia {unknown}
 f - a scroll of identify {unknown}
 g - a scroll of silence {unknown}
Potions
 d - a potion of might
 i - a potion of mutation


   Skills:
 - Level 3.0 Fighting
 + Level 3.4 Maces & Flails
 - Level 2.6 Armour
 - Level 2.6 Shields


You had 2 spell levels left.
You didn't know any spells.
Your spell library was empty.

Dungeon Overview and Level Annotations

Branches:
Dungeon (2/15)

Altars:

Annotations:
D:2 Robin


Innate Abilities, Weirdness & Mutations

You are a tree.
Your roots penetrate the ground, keeping you stationary.
You cannot be teleported.
You are immune to unholy pain and torment.
Your maximum health is greatly increased.
Your equipment is partially melded.
A meltable shield of frost defends you. (SH +4)
((You have sharp toenails.))


Message History

Robin roars a battlecry!
The goblins go into a battle-frenzy!
The goblin hits you with a +0 club. The goblin hits you with a +0 dagger.
The goblin hits you but does no damage.
You hit the goblin.
You kill the goblin!
You block the goblin's attack.
You miss the goblin. The goblin hits you with a +0 club. x2
You closely miss the goblin. The goblin hits you with a +0 club.
You hit the goblin.
You kill the goblin!
Robin throws the goblin at you!
The goblin hits you with a +0 dagger of venom.
You are poisoned.
The goblin hits you but does no damage.
You are too injured to fight recklessly!
You are too injured to fight recklessly!
You are too injured to fight recklessly!
You closely miss the goblin.
You feel very sick. The goblin hits you but does no damage.
You are lethally poisoned!
You block the goblin's attack.
You closely miss the goblin.
* * * LOW HITPOINT WARNING * * *
You feel very sick.
You block the goblin's attack. x2; The goblin hits you but does no damage.
You are more poisoned.
The goblin barely misses you.
It was a potion of lignification.
You turn into a tree.
Your +0 scale mail melds into your body.
Your roots penetrate the ground.
* * * LOW HITPOINT WARNING * * *
You feel very sick. The goblin hits you but does no damage.
You are more poisoned.
The goblin barely misses you.
It was a potion of mutation.
You feel extremely strange.
Your toenails lengthen and sharpen.
You die...

.## ..# ..# ##### gg###
#...## .g.. .....## ..#
......# ######g##
.)....#..# #.g♣ggg.#
......#..# #.###g..##
.....##..# ##.##.#...##
#...##...# #........#.##
#####.... #.###..##.....
.......>###.# ##..#..####
..#####.....# #.....###
.........##.# ##........
..#####.#.##.###.####.###


You could see Robin, 2 hobgoblins and 3 goblins.

Vanquished Creatures
  4 dart slugs (D:1)
  6 bats
  An endoplasm (D:2)
  2 giant cockroaches
  2 hobgoblins (D:1)
  2 jackals (D:2)
  3 frilled lizards
  3 goblins
  6 kobolds
  2 rats (D:1)
31 creatures vanquished.

Vanquished Creatures (others)
  2 plants (D:1)
2 creatures vanquished.

Grand Total: 33 creatures vanquished

Notes
Turn   | Place    | Note
-------+----------+-------------------------------------------
     0 | D:1      | Araneus the Demonspawn Fighter began the quest for the Orb.
     0 | D:1      | Reached XP level 1. HP: 18/18 MP: 1/1
   284 | D:1      | Gained mutation: A meltable shield of frost defends you.
                  | (SH +4) [demonic ancestry]
   284 | D:1      | Reached XP level 2. HP: 19/24 MP: 2/2
  1236 | D:2      | Reached XP level 3. HP: 26/29 MP: 3/3
  1443 | D:2      | Noticed Robin
  1458 | D:2      | Gained mutation: You have sharp toenails. [potion of
                  | mutation]
  1458 | D:2      | Succumbed to a goblin's poison

Illustrated notes

Levels and vault maps discovered:
D:1:      minmay_arrival_four_circles, layout_loops_ring, serial_bayou_lagoon_b
D:2:      kennysheep_six_static_rooms, layout_loops_cross, lemuel_flame_loot_1,
          uniq_jessica, uniq_robin

Skill      XL: |  1  2 |
---------------+-------+-----
Maces & Flails | 2 3 |  3.4
Fighting       | |  3.0
Armour         | |  2.6
Shields        | |  2.6

Action                   || total
-------------------------++-------
Melee: Flail             ||   146
  Use: Potion            ||     2
Armor: Scale mail        ||    84
       Skin              ||     1
Dodge: Dodged            ||    36
Block: Kite shield       ||   127
